 Dungeon Crawl Stone Soup version 0.29-a0-757-g358383bc75 (webtiles) character file.

Game seed: 3200942040412617797

528113 buhh the Warrior (level 25, -14/151 HPs)
             Began as an Octopode Transmuter on July 1, 2022.
             Was the Champion of Cheibriados.
             Demolished by an Orb Guardian (36 damage)
             ... on level 5 of the Realm of Zot.
             The game lasted 01:57:35 (64790 turns).

buhh the Warrior (Octopode Transmuter)             Turns: 64790, Time: 01:57:36

Health: -14/151    AC:  7    Str: 23 (25) XL:     25   Next: 53%
Magic:  9/41       EV: 33    Int: 45 (47) God:    Cheibriados [******]
Gold:   5269       SH: 16    Dex: 22 (23) Spells: 15/28 levels left

rFire   + + .      SeeInvis +     - Unarmed
rCold   + + +      Faith    .   j - +2 buckler {rC+} {!d}
rNeg    . . .      Spirit   .   x - +2 hat of Pusyxuep {rElec Regen+}
rPois   +          Reflect  +   o - amulet of reflection
rElec   +          Harm     .   l - ring of resist corrosion
rCorr   +          Rampage  .   n - ring of Sin {rF+ MP+9 EV+4}
Will    +++..                   z - ring of see invisible
Stlth   +++.......              a - ring of willpower
HPRegen 0.00/turn               p - ring of Vonutom {rC+ Int+2 Dex-3 Slay+4}
MPRegen 0.27/turn               u - ring "Hero's Friend" {rF+ Will+ Int+6 Dex-4}
                                H - ring of protection from cold
                                q - ring "Oqoz" {rPois AC+4}

@: inhibited regen, studying Ice Magic, very slow
A: almost no armour, amphibious, 8 rings, camouflage 1, gelatinous body 1,
(nimble swimmer 1), tentacles, frail 2, screaming 2, inhibited regeneration
}: 3/15 runes: barnacled, silver, gossamer
a: Renounce Religion, Bend Time, Temporal Distortion, Slouch, Step From Time


You were on level 5 of the Realm of Zot.
You worshipped Cheibriados.
Cheibriados was exalted by your worship.
You visited 9 branches of the dungeon, and saw 46 of its levels.
You visited 1 bazaar.
You also visited: Bailey, Gauntlet and Ice Cave.

You collected 10441 gold pieces.
You spent 5172 gold pieces at shops.

Inventory:

Missiles
 y - 7 throwing nets {!f}
Armour
 j - a +2 buckler of cold resistance (worn) {!d}
 x - the +2 hat of Pusyxuep (worn) {rElec Regen+}
   (You acquired it on level 5 of the Vaults)

   rElec:     It insulates you from electricity.
   Regen:     It increases your rate of health regeneration.
Jewellery
 a - a ring of willpower (on tentacle)
 l - a ring of resist corrosion (left tentacle)
 n - the ring of Sin (right tentacle) {rF+ MP+9 EV+4}
   (You acquired it on level 4 of the Dungeon)

   [ring of evasion]

   EV:        It affects your evasion (+4).
   rF:        It protects you from fire.
   MP:        It affects your magic capacity (+9).
 o - an amulet of reflection (around mantle)
 p - the ring of Vonutom (on tentacle) {rC+ Int+2 Dex-3 Slay+4}
   (You bought it in a shop on level 1 of the Shoals)

   [ring of slaying]

   Int:       It affects your intelligence (+2).
   Dex:       It affects your dexterity (-3).
   Slay:      It affects your accuracy & damage with ranged weapons and melee
   (+4).
   rC:        It protects you from cold.
 q - the ring "Oqoz" (on tentacle) {rPois AC+4}
   (You acquired it on level 2 of the Depths)

   [ring of protection]

   AC:        It affects your AC (+4).
   rPois:     It protects you from poison.
 u - the ring "Hero's Friend" (on tentacle) {rF+ Will+ Int+6 Dex-4}
   (You bought it in a shop on level 2 of the Orcish Mines)

   [ring of intelligence]

   Int:       It affects your intelligence (+6).
   Dex:       It affects your dexterity (-4).
   rF:        It protects you from fire.
   Will:      It increases your willpower.
 z - a ring of see invisible (on tentacle)
 B - a ring of protection from fire
 D - a ring of positive energy
 H - a ring of protection from cold (on tentacle)
 P - an amulet of regeneration
Wands
 b - a wand of quicksilver (19)
 r - a wand of mindburst (16)
 s - a wand of flame (57)
 v - a wand of digging (4)
 w - a wand of iceblast (8)
 G - a wand of paralysis (11)
 Y - a wand of polymorph (35)
Scrolls
 d - 6 scrolls of noise
 g - 33 scrolls of identify {!d}
 t - 17 scrolls of teleportation {!d}
 A - 14 scrolls of vulnerability
 C - 2 scrolls of silence {!r}
 E - 2 scrolls of fear {!r}
 F - 7 scrolls of enchant weapon
 I - 6 scrolls of poison
 Q - 11 scrolls of fog
 R - 3 scrolls of torment
 T - 11 scrolls of immolation {!d}
 X - 9 scrolls of amnesia
 Z - 3 scrolls of enchant armour
Potions
 f - 6 potions of might
 h - 4 potions of berserk rage {!q}
 i - 10 potions of attraction
 k - 10 potions of flight
 K - 6 potions of brilliance {!q!d}
 L - 4 potions of resistance {!q!d}
 N - 13 potions of curing {!q!d}
 O - 12 potions of haste {!q!d}
 U - 11 potions of mutation {!d}
 V - 9 potions of cancellation {!q!d}
Miscellaneous
 e - a phial of floods
 m - a phantom mirror
 S - a condenser vane


   Skills:
 - Level 20.0 Fighting
 - Level 20.0 Dodging
 - Level 2.0 Stealth
 * Level 16.7 Shields
 - Level 20.0 Unarmed Combat
 - Level 2.0 Spellcasting
 - Level 6.0 Conjurations
 - Level 17.0 Transmutations
 - Level 7.0 Ice Magic
 - Level 11.0 Earth Magic
 - Level 3.0 Poison Magic
 - Level 13.0 Invocations
 - Level 9.0 Evocations


You had 15 spell levels left.
You knew the following spells:

 Your Spells              Type           Power      Damage    Failure   Level
b - Wereblood             Tmut           100%       N/A       0%          2
e - Statue Form           Tmut/Erth      61%        N/A       1%          6
f - Irradiate             Conj/Tmut      41%        3d27      1%          5

Your spell library contained the following spells:

 Spells                   Type           Power      Damage    Failure   Level
 Beastly Appendage        Tmut           100%       N/A       0%          1
 Passwall                 Tmut/Erth      76%        N/A       0%          2
 Foxfire                  Conj/Fire      100%       2x1d9     1%          1
 Magic Dart               Conj           100%       1d8       1%          1
 Sandblast                Erth           100%       2d20      1%          1
 Ensorcelled Hibernation  Hex/Ice        72%        N/A       1%          2
 Searing Ray              Conj           100%       2d8       1%          2
 Static Discharge         Conj/Air       31%        N/A       1%          2
 Frozen Ramparts          Ice            100%       1d12      1%          3
 Ozocubu's Armour         Ice            61%        N/A       1%          3
 Spider Form              Tmut/Pois      76%        N/A       1%          3
 Ice Form                 Ice/Tmut       85%        N/A       1%          4
 Petrify                  Tmut/Erth      92%        N/A       1%          4
 Alistair's Intoxication  Tmut/Pois      50%        N/A       1%          5
 Blade Hands              Tmut           51%        N/A       1%          5
 Lee's Rapid Deconstruct  Erth           40%        3d21*     1%          5
 Yara's Violent Unravell  Hex/Tmut       34%        3d14      2%          5
 Apportation              Tloc           8%         N/A       3%          1
 Necrotize                Necr           16%        1d4       3%          1
 Summon Small Mammal      Summ           16%        N/A       3%          1
 Sublimation of Blood     Necr           4%         N/A       4%          2
 Summon Ice Beast         Ice/Summ       36%        N/A       8%          4
 Eringya's Noxious Bog    Tmut/Pois      38%        N/A       8%          6
 Fulminant Prism          Conj/Hex       15%        3d11      9%          4
 Iskenderun's Mystic Bla  Conj/Tloc      31%        2d8       9%          4
 Borgnjor's Vile Clutch   Necr/Erth      26%        N/A       9%          5
 Call Canine Familiar     Summ           4%         N/A       10%         3
 Confusing Touch          Hex            4%         N/A       10%         3
 Inner Flame              Hex/Fire       4%         N/A       10%         3
 Portal Projectile        Hex/Tloc       8%         N/A       10%         3
 Swiftness                Air            4%         N/A       10%         3
 Tukima's Dance           Hex            4%         N/A       10%         3
 Vampiric Draining        Necr           4%         2d6       10%         3
 Iron Shot                Conj/Erth      34%        9d7       14%         6
 Corpse Rot               Necr/Pois/Air  13%        N/A       21%         4
 Metabolic Englaciation   Hex/Ice        18%        N/A       21%         5
 Lightning Bolt           Conj/Air       15%        1d29      26%         5
 Anguish                  Hex/Necr       2%         N/A       30%         4
 Dispel Undead            Necr           4%         3d7       30%         4
 Passage of Golubria      Tloc           4%         N/A       30%         4
 Agony                    Necr           4%         N/A       65%         5
 Summon Forest            Summ/Tloc      2%         N/A       65%         5
 Summon Mana Viper        Hex/Summ       4%         N/A       65%         5
 Simulacrum               Ice/Necr       18%        N/A       75%         6
 Conjure Ball Lightning   Conj/Air       15%        3x3d6     80%         6
 Starburst                Conj/Fire      15%        6d6       80%         6
 Ozocubu's Refrigeration  Ice            30%        4d11      83%         7
 Death Channel            Necr           2%         N/A       99%         6
 Summon Cactus Giant      Summ           2%         N/A       99%         6
 Enfeeble                 Hex            2%         N/A       100%        7
 Haunt                    Necr/Summ      2%         N/A       100%        7
 Discord                  Hex            2%         N/A       100%        8
 Maxwell's Capacitive Co  Air            2%         ∞         100%        8


Dungeon Overview and Level Annotations

Branches:
Dungeon (15/15) Zot: 36148  Temple (1/1) D:6 Zot: 8932    Lair (6/6) D:8 Zot: 35610
 Shoals (4/4) Lair:3 Zot: 26567  Spider (4/4) Lair:3 Zot: 26327   Slime (0/5) Lair:6
    Orc (2/2) D:11 Zot: 14159     Elf (0/3) Orc:2        Vaults (5/5) D:13 Zot: 30333
 Depths (4/4) D:15 Zot: 27817     Zot (5/5) Depths:4 Zot: 39263  Bailey (visited)
  IceCv (visited)         Gauntlet (visited)
  Crypt: Vaults:2-3

Altars:
Ashenzari
Cheibriados
Dithmenos
Elyvilon
Fedhas
Gozag
Hepliaklqana
Kikubaaqudgha
Makhleb
Nemelex Xobeh
Okawaru
Qazlal
Ru
Sif Muna
Trog
Uskayaw
Wu Jian
Xom
Yredelemnul
Zin
The Shining One
Jiyva

Shops:
D:2 *   D:7 ?=   D:8 *   D:11 !   Orc:1 (   Orc:2 ::[*=   Shoals:1 (=
Vaults:1 *   Vaults:3 !*?   Vaults:4 [

Portals:
Hell: Depths:2 Depths:3 Depths:4
Abyss: Depths:2 Depths:3
Pandemonium: Depths:2
Ziggurat: Depths:2

Annotations:
D:3 Ijyb
D:4 1 runed translucent door, Crazy Yiuf
D:5 exclusion: 3 lemures, Pikel
D:6 exclusion: two-headed ogre
D:8 1 runed translucent door, exclusion: door, HilariousDeathArtist's ghost, journeyman GnCK
Lair:1 exclusion: basilisk
Lair:4 exclusion: oklob plant
Lair:6 exclusion: obsidian statue
Depths:2 exclusion: obsidian statue
Zot:2 2 transporters, blackman's ghost, master HuDe


Innate Abilities, Weirdness & Mutations

You cannot wear most types of armour.
You are amphibious.
You can wear up to eight rings at the same time.
Your skin changes colour to match your surroundings (Stealth+).
Your rubbery body absorbs attacks. (AC +1, EV +1)
((You are camouflaged when in or above water. (Stealth+)))
You have tentacles for arms and can constrict up to eight enemies at once.
You are very frail. (-20% HP)
You frequently scream uncontrollably at your foes.
You do not regenerate when monsters are visible.


Message History

The quicksilver dragon claws you but does no damage.
The quicksilver dragon completely misses you. x2
The Orb Guardian hits you!!
* * * LOW HITPOINT WARNING * * *
The Orb Guardian hits you but does no damage.
The quicksilver dragon misses you.
The quicksilver dragon claws you but does no damage.
You hear a roar!
You hear a deafening roar!
Okay, then.
Okay, then.
Okay, then.
Really quaff
M - a potion of heal wounds {!q!d}?
You feel much better.
You block the quicksilver dragon's attack. x2
The Orb Guardian misses you. The Orb Guardian closely misses you.
The quicksilver dragon completely misses you.
The quicksilver dragon misses you.
The Killer Klown blinks!
The quicksilver dragon breathes dispelling energy at you.
The bolt of dispelling energy hits you but does no damage.
Your magical effects are unravelling.
You block the Orb Guardian's attack.
The Killer Klown pulls ten torches off its hat and starts juggling.
The Orb Guardian hits you.
* * * LOW HITPOINT WARNING * * *
You block the quicksilver dragon's attack.
The quicksilver dragon completely misses you.
You hear a shout!
You revert to your normal fleshy form.
You feel a little less clever now.
The Orb Guardian hits you but does no damage.
The moth of wrath goads the Orb Guardian on!
The Orb Guardian goes berserk!
The Orb Guardian hits you.
* * * LOW HITPOINT WARNING * * *
The Orb Guardian completely misses you.
The Killer Klown blinks!
The quicksilver dragon bites you.
* * * LOW HITPOINT WARNING * * *
The quicksilver dragon completely misses you.
You block the Orb Guardian's attack. The Orb Guardian closely misses you.
The quicksilver dragon completely misses you. x2
You block the Orb Guardian's attack. The Orb Guardian hits you!!!
You die...

#§.#
.#####.############
................⌠...
....................
.............p....#
#####...##......##
#...##pDD§..#
###...##yXXD..# #D
......####@..## #?.
.......##...## #...
.............# #..y.
#....<.....##.....
###........#..⌠..#
##......#.....#
##....#.....#
##.........#
###.......#


You could see 2 Killer Klowns, a golden dragon, 2 quicksilver dragons, 2 Orb
Guardians and a moth of wrath.

Vanquished Creatures
  2 dread liches (Zot:3)
  3 ancient liches (Vaults:5)
  Mara (Vaults:4)
  3 orbs of fire
  Sojobo (Vaults:5)
  Boris (Depths:4)
  A Killer Klown (Zot:3)
  Bai Suzhen (D:15)
  Parghit (Zot:2)
  14 golden dragons
  Jory (Vaults:3)
  2 electric golems
  18 tentacled monstrosities
  An Ice Fiend (Depths:2)
  Asterion (Depths:2)
  6 liches
  A walking crystal tome (Depths:4)
  6 quicksilver dragons
  5 titans
  Kirke (Lair:4)
  6 death cobs
  Gastronok (Lair:1)
  9 sphinxes
  A kraken (Shoals:4)
  7 shadow dragons
  Ilsuiw (Shoals:3)
  11 storm dragons
  Roxanne (D:15)
  6 tengu reavers
  6 draconian monks
  12 fire giants
  6 draconian knights
  12 vault wardens
  5 draconian scorchers
  12 frost giants
  Aizul (Depths:2)
  Louise (Spider:3)
  A balrug (Depths:1)
  3 iron dragons
  3 deep elf sorcerers
  5 ghost moths
  A draconian stormcaller (Depths:4)
  A caustic shrike zombie (Depths:2)
  4 emperor scorpions
  6 draconian shifters
  2 draconian annihilators
  10 ironbound preservers
  27 very ugly things
  5 spriggan defenders
  9 stone giants
  7 ironbound thunderhulks
  2 broodmothers
  12 green draconians
  2 war gargoyles
  A vampire knight (Depths:3)
  A reaper (Depths:2)
  9 entropy weavers
  13 yellow draconians
  11 dire elephants
  A spark wasp (shapeshifter) (Vaults:5)
  13 black draconians
  15 purple draconians
  11 red draconians
  6 white draconians
  A deep elf annihilator (Vaults:5)
  7 spark wasps
  A blizzard demon (Depths:2)
  5 merfolk impalers
  13 ettins
  10 fire dragons
  Josephine (D:11)
  A deep elf high priest (Vaults:5)
  5 merfolk javelineers
  3 great orbs of eyes
  20 yaktaur captains
  14 ice dragons
  3 hydras
  Harold (D:10)
  A hydra (shapeshifter) (Depths:3)
  A jorogumo (Spider:1)
  26 vault guards (Vaults:5)
  2 peacekeepers
  A rakshasa (Depths:2)
  A radroach (Spider:1)
  3 spriggan air magi
  A catoblepas (D:14)
  3 ogre magi
  2 hell beasts (Depths:2)
  11 boulder beetles
  4 merfolk avatars
  3 alligator snapping turtles (Shoals:4)
  5 centaur warriors
  2 radroaches (shapeshifter)
  A merfolk aquamancer (Shoals:4)
  10 ironbound frosthearts
  A death scarab (Spider:1)
  4 two-headed ogres
  2 vampire magi
  A satyr (Shoals:3)
  An alligator (Zot:3)
  7 death yaks
  5 deep troll shamans
  4 tengu warriors
  3 soul eaters
  4 spriggan berserkers
  An orc high priest (Orc:2)
  4 deep troll earth magi
  5 spriggans
  15 hell knights
  6 pharaoh ants
  A spectral death yak (Lair:6)
  4 sun demons
  5 iron trolls
  5 skeletal warriors (D:15)
  A spectral anaconda (Lair:6)
  4 death drakes
  14 sea snakes
  3 flayed ghosts
  2 glowing orange brains
  A sun moth (Spider:4)
  16 orb spiders
  5 steelbarb worms
  A spark wasp zombie (Depths:3)
  34 deep trolls
  A deep elf archer (D:13)
  A glowing orange brain (shapeshifter) (D:14)
  10 ironbound convokers
  6 lindwurms
  3 orc knights
  16 necromancers
  A deep elf zephyrmancer (D:13)
  14 harpies
  2 phantasmal warriors (Vaults:5)
  3 deep elf pyromancers
  A lindwurm (shapeshifter) (Vaults:5)
  7 orc sorcerers
  3 wizards
  28 wolf spiders
  2 fauns (shapeshifter) (Vaults:5)
  14 manticores
  2 fire giant zombies (Depths:2)
  A cyclops (shapeshifter) (Vaults:5)
  10 fauns
  24 moths of wrath
  3 oklob plants
  A frost giant skeleton (Depths:2)
  24 ugly things
  7 cyclopes
  9 elephants
  19 vault sentinels
  2 rust devils (Depths:2)
  6 water nymphs
  14 merfolk sirens
  An orange demon (Depths:2)
  13 cane toads
  2 black mambas
  A titan simulacrum (Vaults:2)
  Joseph (D:9)
  An ice statue (IceCv)
  A storm dragon simulacrum (Depths:3)
  2 dire elephant skeletons (Lair:6)
  A gargoyle (D:11)
  5 torpor snails
  Maggie (D:8)
  5 smoke demons
  3 komodo dragons
  12 rime drakes
  8 demonic crawlers
  37 yaktaurs
  An unseen horror (D:13)
  3 kobold demonologists
  4 tengu conjurers
  An efreet (D:15)
  A golden dragon simulacrum (Depths:2)
  A spark wasp simulacrum (Depths:2)
  A guardian mummy (Zot:3)
  4 trolls
  6 meliai
  24 merfolk
  5 wind drakes
  10 hornets
  20 tarantellas
  11 polar bears
  26 slime creatures
  11 snapping turtles
  11 dream sheep
  14 blink frogs
  28 culicivoras
  44 jumping spiders
  2 spriggan zombies
  2 shadows
  A vampire (D:10)
  A ynoxinul (Depths:2)
  2 wyverns (Lair:6)
  70 yaks
  2 basilisks
  6 water elementals
  6 wraiths
  Eustachio (D:4)
  A chaos spawn (Depths:2)
  7 hogs (Lair:4)
  5 vampire mosquitoes
  A neqoxec (Depths:2)
  71 redbacks
  4 wargs (Orc:1)
  A harpy simulacrum (D:15)
  A death yak simulacrum (Lair:6)
  3 spectral cane toads (Lair:6)
  13 water moccasins
  An acid dragon (D:10)
  23 orc warriors
  2 glowing shapeshifter skeletons
  2 ice beasts
  2 black bears
  A swamp drake (D:11)
  A sky beast (D:7)
  2 elephant zombies (Lair:6)
  15 wolves
  A boggart (D:14)
  13 centaurs
  18 ogres
  An elephant skeleton (Lair:6)
  A centaur (shapeshifter) (Vaults:5)
  A phantom (D:5)
  12 bullfrogs
  A human zombie (Vaults:2)
  Blork the orc (D:4)
  A human skeleton (Vaults:2)
  A gnoll sergeant (D:10)
  2 necrophages
  A human simulacrum (Depths:3)
  2 scorpions
  A cane toad simulacrum (Lair:6)
  6 killer bees
  An elephant simulacrum (Lair:6)
  4 electric eels
  A howler monkey (D:4)
  18 orc priests
  A gnoll shaman (D:9)
  2 hounds
  2 jellies
  3 iguanas
  36 orc wizards
  8 gnolls
  8 adders
  7 river rats (D:5)
  A shadow imp (D:6)
  5 white imps
  2 worms (D:4)
  3 dart slugs
  67 orcs
  6 endoplasms
  3 giant cockroaches
  6 hobgoblins
  10 kobolds
  13 quokkas
  6 ball pythons
  7 bats
  A frilled lizard (D:1)
  17 goblins
  25 rats
  A bush (Lair:4)
  A fungus (Depths:4)
1801 creatures vanquished.

Vanquished Creatures (collateral kills)
  An ancient lich (Vaults:5)
  A golden dragon (Zot:5)
  3 Orb Guardians (Zot:5)
  A deep elf sorcerer (Vaults:5)
  A ghost moth (Zot:5)
7 creatures vanquished.

Vanquished Creatures (others)
  A draconian annihilator (Zot:2)
  2 merfolk (Shoals:3)
  14 demonic plants (Gauntlet)
  24 fungi
  91 plants
  5 tentacles (Shoals:4)
  7 toadstools
  21 withered plants
165 creatures vanquished.

Grand Total: 1973 creatures vanquished

Notes
Turn   | Place    | Note
-------+----------+-------------------------------------------
     0 | D:1      | buhh the Octopode Transmuter began the quest for the Orb.
     0 | D:1      | Reached XP level 1. HP: 13/13 MP: 3/3
   214 | D:1      | Reached XP level 2. HP: 18/18 MP: 3/5
  1029 | D:1      | Found a faded altar of an unknown god.
  1050 | D:1      | Reached XP level 3. HP: 18/24 MP: 4/6
  1703 | D:2      | Reached XP level 4. HP: 27/29 MP: 5/7
  1944 | D:2      | Identified a scroll of acquirement
  1947 | D:2      | Acquired 1089 gold pieces
  1995 | D:2      | Found Yhiduw's Assorted Antiques.
  2014 | D:2      | Bought a viscous silvery potion for 18 gold pieces
  2014 | D:2      | Bought a scroll labelled LUABONGISI for 20 gold pieces
  2014 | D:2      | Bought a viscous silvery potion for 18 gold pieces
  2014 | D:2      | Bought a scroll labelled LUABONGISI for 20 gold pieces
  2131 | D:2      | Learned a level 2 spell: Wereblood
  2911 | D:3      | Reached XP level 5. HP: 28/36 MP: 8/8
  3258 | D:3      | Noticed Ijyb
  3450 | D:4      | Noticed Blork the orc
  3462 | D:4      | Killed Blork the orc
  3463 | D:4      | Reached XP level 6. HP: 35/42 MP: 9/9
  4067 | D:4      | Noticed a black bear
  4097 | D:4      | Found a runed translucent door.
  4098 | D:4      | Noticed Crazy Yiuf
  4134 | D:4      | Acquired the ring of Sin {rF+ MP+9 EV+4}
  4163 | D:4      | Noticed Eustachio
  4183 | D:5      | Entered Level 5 of the Dungeon
  4456 | D:5      | Reached XP level 7. HP: 35/47 MP: 10/10
  4867 | D:5      | Learned a level 3 spell: Spider Form
  5560 | D:5      | Noticed Pikel
  5815 | D:6      | Reached XP level 8. HP: 44/54 MP: 11/11
  6021 | D:6      | Noticed a troll
  6092 | D:4      | You fall into a shaft and drop 3 floors!
  6116 | D:7      | Found a flagged portal.
  6197 | Bailey   | Entered a bailey
  6291 | D:7      | Found Luenarch's Jewellery Boutique.
  6861 | D:6      | Found an ornate altar of the Wu Jian Council.
  6862 | D:6      | Found a hazy altar of Hepliaklqana.
  7020 | D:6      | Killed a troll
  7071 | D:6      | Noticed a two-headed ogre
  7110 | D:6      | Found an iron altar of Okawaru.
  7466 | D:4      | Reached XP level 9. HP: 57/62 MP: 12/12
  7494 | D:4      | Found a white marble altar of Elyvilon.
  7646 | D:4      | Found a broken altar of Ashenzari.
  7660 | D:4      | Killed Eustachio
  8680 | D:6      | Found a staircase to the Ecumenical Temple.
  8690 | Temple   | Entered the Ecumenical Temple
  8727 | Temple   | Became a worshipper of Cheibriados the Contemplative
  9131 | D:7      | Found Cudav's Magic Scroll Shoppe.
  9191 | D:7      | Noticed a kobold demonologist
  9205 | D:7      | Identified the amulet "Rouc" {Acrobat Fly rElec}
  9205 | D:7      | Noticed a kobold demonologist
  9206 | D:7      | Killed a kobold demonologist
  9206 | D:7      | Noticed a cyan ugly thing
  9223 | D:7      | Killed a kobold demonologist
  9224 | D:7      | Reached XP level 10. HP: 41/71 MP: 13/13
  9227 | D:7      | Bought a scroll of identify for 24 gold pieces
  9227 | D:7      | Bought a scroll of fog for 24 gold pieces
  9227 | D:7      | Bought a scroll of fear for 42 gold pieces
  9300 | D:7      | Noticed a two-headed ogre
  9581 | D:8      | Reached * piety under Cheibriados
  9660 | D:8      | Found a runed translucent door.
  9660 | D:8      | Noticed HilariousDeathArtist's ghost (journeyman GnCK)
 10116 | D:8      | Found Zigolluz's General Store.
 10121 | D:8      | Bought a potion of heal wounds for 55 gold pieces
 10121 | D:8      | Bought a wand of paralysis (2) for 44 gold pieces
 10121 | D:8      | Bought a scroll of immolation for 38 gold pieces
 10400 | D:8      | Noticed Maggie
 10428 | D:8      | Found a staircase to the Lair.
 11445 | D:9      | Reached ** piety under Cheibriados
 11584 | D:9      | Noticed Joseph
 11720 | D:9      | Reached XP level 11. HP: 66/80 MP: 16/16
 12333 | D:10     | Entered Level 10 of the Dungeon
 12937 | D:10     | Noticed Harold
 13017 | D:8      | Killed Maggie
 13094 | Lair:1   | Entered Level 1 of the Lair of Beasts
 13094 | Lair:1   | Noticed Gastronok
 13116 | Lair:1   | Killed Gastronok
 14199 | Lair:1   | Learned a level 4 spell: Ice Form
 14457 | Lair:2   | Found a frozen archway.
 14470 | Lair:2   | Reached *** piety under Cheibriados
 14479 | IceCv    | Entered an ice cave
 14832 | IceCv    | Reached XP level 12. HP: 68/85 MP: 19/19
 15487 | IceCv    | Reached **** piety under Cheibriados
 15991 | IceCv    | Noticed a death yak
 16037 | IceCv    | Noticed an ironbound frostheart
 16037 | IceCv    | Noticed a death yak
 16037 | IceCv    | Noticed a death yak
 16037 | IceCv    | Noticed an ironbound frostheart
 17162 | Lair:3   | Found a hole to the Spider Nest.
 17366 | Lair:3   | Reached ***** piety under Cheibriados
 18071 | Lair:3   | Found a staircase to the Shoals.
 18493 | Lair:4   | Reached skill level 11 in Fighting
 18730 | Lair:4   | Noticed a five-headed hydra
 18739 | Lair:4   | Killed a five-headed hydra
 18740 | Lair:4   | Reached XP level 13. HP: 88/97 MP: 20/20
 18896 | Lair:4   | Identified the +3 broad axe of the Doomed Warrior {vorpal,
                  | *Noise rElec Will+ Str+3}
 19025 | Lair:4   | Got Fifiuc's Guide on Creation and Enchantment
 19078 | Lair:4   | Noticed Kirke
 19099 | Lair:4   | Killed Kirke
 20511 | Lair:5   | Found the +3 pair of gauntlets of War {Slay+5}
 20520 | Lair:5   | Reached skill level 11 in Unarmed Combat
 21581 | Lair:6   | Entered Level 6 of the Lair of Beasts
 21780 | Lair:6   | Found a viscous altar of Jiyva.
 21780 | Lair:6   | Found a staircase to the Slime Pits.
 21890 | Lair:6   | Reached XP level 14. HP: 106/106 MP: 21/21
 22269 | Lair:6   | Noticed a dire elephant
 22270 | Lair:6   | Noticed a dire elephant
 22274 | Lair:6   | Noticed a dire elephant
 22286 | Lair:6   | Killed a dire elephant
 22387 | Lair:6   | Found the +9 scales of the Dragon King {rPois rF+ rC+
                  | Will+}
 22436 | Lair:6   | Reached skill level 11 in Invocations
 22674 | Lair:6   | Identified the +4 pair of gloves "Fosief" {rElec Regen+
                  | MP+9 Dex-5}
 23828 | Lair:6   | Killed a dire elephant
 24011 | Lair:6   | Killed a dire elephant
 24631 | D:9      | Killed Joseph
 24931 | D:10     | Paralysed by a gnoll for 4 turns
 24963 | D:10     | Killed Harold
 25444 | D:11     | Found Ifuann's Distillery.
 25452 | D:11     | Bought a potion of heal wounds for 80 gold pieces
 25452 | D:11     | Bought 2 potions of heal wounds for 160 gold pieces
 25452 | D:11     | Bought a potion of heal wounds for 80 gold pieces
 25452 | D:11     | Bought a potion of might for 64 gold pieces
 25452 | D:11     | Bought a potion of curing for 48 gold pieces
 25452 | D:11     | Bought 2 potions of curing for 96 gold pieces
 25452 | D:11     | Bought a potion of curing for 48 gold pieces
 25476 | D:11     | Noticed Josephine
 25482 | D:11     | Killed Josephine
 25536 | D:11     | Found a gate leading to a gauntlet.
 25553 | Gauntlet | Entered a Gauntlet
 25553 | Gauntlet | Found a transporter.
 25553 | Gauntlet | Found a transporter.
 25684 | Gauntlet | Found a transporter.
 25684 | Gauntlet | Found a transporter.
 25688 | Gauntlet | Noticed a dire elephant
 25696 | Gauntlet | Found a transporter.
 25700 | Gauntlet | Found a large runed translucent door.
 25701 | Gauntlet | Found a large runed translucent door.
 25702 | Gauntlet | Found a large runed translucent door.
 25702 | Gauntlet | Found a large runed translucent door.
 25703 | Gauntlet | Found a large runed translucent door.
 25703 | Gauntlet | Found a large runed translucent door.
 25703 | Gauntlet | Found a runed translucent gate.
 25703 | Gauntlet | Found a runed translucent door.
 25704 | Gauntlet | Found a transporter.
 25704 | Gauntlet | Found a runed translucent gate.
 25704 | Gauntlet | Found a transporter.
 25705 | Gauntlet | Found a runed translucent gate.
 25706 | Gauntlet | Found a large runed translucent door.
 25706 | Gauntlet | Found a large runed translucent door.
 25707 | Gauntlet | Found a large runed translucent door.
 25708 | Gauntlet | Found a large runed translucent door.
 25717 | Gauntlet | Found a large runed translucent door.
 25717 | Gauntlet | Found a large runed translucent door.
 25717 | Gauntlet | Found a runed translucent door.
 25728 | Gauntlet | Found a transporter.
 25735 | Gauntlet | Found a transporter.
 25750 | Gauntlet | Found a large runed translucent door.
 25751 | Gauntlet | Found a large runed translucent door.
 25753 | Gauntlet | Found a transporter.
 25779 | Gauntlet | Found a transporter.
 25799 | Gauntlet | Found a transporter.
 25841 | Gauntlet | Found a transporter.
 25855 | Gauntlet | Found a transporter.
 25871 | Gauntlet | Found a large runed translucent door.
 25872 | Gauntlet | Found a large runed translucent door.
 25957 | Gauntlet | Found a transporter.
 25975 | Gauntlet | Found a transporter.
 26555 | D:11     | Found a staircase to the Orcish Mines.
 26610 | Orc:1    | Entered Level 1 of the Orcish Mines
 27208 | Orc:1    | Found Agaek's Weapon Shop.
 27463 | Orc:2    | Entered Level 2 of the Orcish Mines
 27579 | Orc:2    | Reached XP level 15. HP: 110/110 MP: 24/24
 27748 | Orc:2    | Paralysed by an orc sorcerer for 2 turns
 28280 | Orc:2    | Reached skill level 11 in Dodging
 28627 | Orc:2    | Found a staircase to the Elven Halls.
 28714 | Orc:2    | Found Anenybbopai's Book Shoppe.
 28714 | Orc:2    | Found Cipihyhu's Antique Armour Emporium.
 28715 | Orc:2    | Found Peushruh's Assorted Antiques.
 28719 | Orc:2    | Found Myacletaoss's Book Shoppe.
 28742 | Orc:2    | Bought a scroll of identify for 66 gold pieces
 28742 | Orc:2    | Bought a scroll of poison for 115 gold pieces
 28742 | Orc:2    | Bought 3 scrolls of teleportation for 297 gold pieces
 28742 | Orc:2    | Bought a scroll of poison for 115 gold pieces
 28862 | Orc:2    | Found Atouppoe's Jewellery Shoppe.
 28936 | Orc:2    | Bought the ring "Hero's Friend" {rF+ Will+ Int+6 Dex-4} for
                  | 566 gold pieces
 28937 | Orc:2    | Bought a ring of flight for 210 gold pieces
 31875 | D:13     | Found a gate to the Vaults.
 32639 | D:14     | Noticed a frost giant
 32654 | D:14     | Killed a frost giant
 32880 | D:14     | Got the Compendium of the Oath
 33889 | D:15     | Entered Level 15 of the Dungeon
 34147 | D:15     | Noticed Roxanne
 34356 | D:15     | Reached XP level 16. HP: 69/117 MP: 25/25
 34770 | D:15     | Found a staircase to the Depths.
 35558 | D:15     | Reached skill level 11 in Transmutations
 35912 | D:15     | Killed Roxanne
 36494 | Shoals:1 | Entered Level 1 of the Shoals
 36494 | Shoals:1 | Found Yzaanyaly's Weapon Emporium.
 36497 | Shoals:1 | Got the Incunabulum of Clay
 36718 | Shoals:1 | Found Nusuamnef's Jewellery Emporium.
 36762 | Shoals:1 | Bought the ring of Vonutom {rC+ Int+2 Dex-3 Slay+4} for
                  | 1348 gold pieces
 37156 | Shoals:1 | Learned a level 6 spell: Statue Form
 39503 | Shoals:3 | Noticed Ilsuiw
 39531 | Shoals:3 | Killed Ilsuiw
 40216 | Shoals:4 | Entered Level 4 of the Shoals
 40252 | Shoals:4 | Reached XP level 17. HP: 122/122 MP: 22/26
 40729 | Shoals:4 | Reached skill level 11 in Earth Magic
 40739 | Shoals:4 | Noticed a kraken
 40751 | Shoals:4 | Killed a kraken
 40765 | Shoals:4 | Got a barnacled rune of Zot
 41128 | Spider:1 | Entered Level 1 of the Spider Nest
 42359 | Shoals:4 | Identified the ring of Xom's Attic {Ice SInv}
 42944 | Shoals:4 | Got Sif Muna's Guide on the Snowflakes and Ignition
 43210 | Spider:1 | Reached ****** piety under Cheibriados
 44106 | Spider:1 | Reached XP level 18. HP: 128/128 MP: 27/27
 45250 | Spider:2 | Got the Collected Works on Air and the Escort
 45283 | Spider:2 | Reached skill level 15 in Fighting
 46005 | Spider:3 | Identified the +9 great sword of Iras {protect, rElec rF+
                  | Str+4}
 46117 | Spider:3 | Noticed Louise
 46124 | Spider:3 | Killed Louise
 46333 | Spider:3 | Learned a level 5 spell: Irradiate
 46493 | Spider:4 | Entered Level 4 of the Spider Nest
 47737 | Spider:4 | Reached XP level 19. HP: 141/141 MP: 17/28
 47821 | Spider:4 | Got a gossamer rune of Zot
 48195 | Vaults:1 | Entered Level 1 of the Vaults
 48396 | Vaults:1 | Reached skill level 15 in Transmutations
 48556 | Vaults:1 | Found Juhiclam's General Store.
 48579 | Vaults:1 | Bought a wand of paralysis (6) for 112 gold pieces
 49655 | Vaults:3 | Noticed Jory
 49664 | Vaults:3 | Killed Jory
 50364 | Vaults:4 | Acquired 919 gold pieces
 50483 | Vaults:5 | Entered Level 5 of the Vaults
 50485 | Vaults:5 | Noticed an ancient lich
 50492 | Vaults:5 | Reached XP level 20. HP: 131/148 MP: 29/29
 50982 | Vaults:4 | Acquired 401 gold pieces
 51180 | Vaults:4 | Found Cecs's Antique Armour Shop.
 51226 | Vaults:4 | Noticed Mara
 51231 | Vaults:4 | Noticed buhh's illusion
 51242 | Vaults:4 | Noticed buhh's illusion
 51246 | Vaults:4 | Noticed buhh's illusion
 51250 | Vaults:4 | Killed Mara
 52689 | Vaults:3 | Found Osygotev's Assorted Antiques.
 52719 | Vaults:3 | Bought a scroll of teleportation for 120 gold pieces
 52719 | Vaults:3 | Bought a potion of resistance for 400 gold pieces
 52719 | Vaults:3 | Bought a potion of curing for 120 gold pieces
 52719 | Vaults:3 | Bought a wand of quicksilver (5) for 320 gold pieces
 53012 | Vaults:3 | Found Inkyask's Distillery.
 53020 | Vaults:3 | Bought a potion of mutation for 96 gold pieces
 53020 | Vaults:3 | Bought a potion of resistance for 120 gold pieces
 53020 | Vaults:3 | Bought a potion of mutation for 96 gold pieces
 53020 | Vaults:3 | Bought a potion of mutation for 96 gold pieces
 53020 | Vaults:3 | Bought 2 potions of might for 96 gold pieces
 53029 | Vaults:3 | Found Voloebb's Magic Scroll Shoppe.
 53730 | Vaults:5 | Killed an ancient lich
 53737 | Vaults:5 | Reached skill level 15 in Unarmed Combat
 53808 | Vaults:5 | Noticed an ancient lich
 53872 | Vaults:5 | Noticed Sojobo
 53897 | Vaults:5 | Killed Sojobo
 53898 | Vaults:5 | Reached skill level 18 in Fighting
 53903 | Vaults:5 | Killed an ancient lich
 53904 | Vaults:5 | Reached XP level 21. HP: 75/159 MP: 29/30
 53914 | Vaults:5 | Noticed an ancient lich
 53920 | Vaults:5 | Killed an ancient lich
 54145 | Vaults:5 | Noticed an ancient lich
 54150 | Vaults:5 | Killed an ancient lich
 54245 | Vaults:5 | Noticed a golden dragon
 54247 | Vaults:5 | Identified the +9 plate armour of the Game of Life {Fly
                  | Str+2 Int+3 Stlth+}
 54255 | Vaults:5 | Noticed a golden dragon
 54258 | Vaults:5 | Killed a golden dragon
 54270 | Vaults:5 | Killed a golden dragon
 54830 | Vaults:5 | Acquired the +2 hat of Pusyxuep {rElec Regen+}
 55546 | Vaults:5 | Got the Handbook of Destructive Feathers
 55697 | Vaults:5 | Got a silver rune of Zot
 55698 | Vaults:5 | Identified the +2 ring mail of Paxel {rF- rCorr Int+5
                  | Dex+4}
 56310 | Depths:1 | Entered Level 1 of the Depths
 56317 | Depths:1 | Paralysed by a sphinx for 4 turns
 56498 | Depths:1 | Identified the +5 ring mail of Ihiwiew {Drain Regen+ Str-4
                  | Stlth+}
 56498 | Depths:1 | Noticed Bai Suzhen
 56511 | D:15     | Killed Bai Suzhen
 56866 | Depths:2 | Noticed Asterion
 56873 | Depths:2 | Reached XP level 22. HP: 151/170 MP: 31/31
 56876 | Depths:2 | Killed Asterion
 57015 | Depths:1 | Found a sparkling altar of Nemelex Xobeh.
 57512 | Depths:2 | Found a one-way gateway to a ziggurat.
 57569 | Depths:2 | Reached skill level 18 in Unarmed Combat
 57630 | Depths:2 | Acquired the ring "Oqoz" {rPois AC+4}
 57679 | Depths:3 | Found a one-way gate to the infinite horrors of the Abyss.
 57689 | Depths:3 | Found a gateway to Hell.
 57726 | Depths:3 | Found a flickering gateway to a bazaar.
 57735 | Bazaar   | Entered a bazaar
 57775 | Bazaar   | Found Virymesk's Book Shoppe.
 57775 | Bazaar   | Found Suqat's Book Emporium.
 58115 | Depths:2 | Noticed Aizul
 58116 | Depths:2 | Found the +8 frozen axe "Frostbite" {freezing cloud, *Noise
                  | Fly rC+}
 58120 | Depths:2 | Killed Aizul
 58432 | Depths:2 | Reached skill level 11 in Shields
 58527 | Depths:2 | Found a one-way gate leading to the halls of Pandemonium.
 58709 | Depths:3 | Found a glowing golden altar of the Shining One.
 58721 | Depths:3 | Noticed a golden dragon
 58729 | Depths:3 | Killed a golden dragon
 58906 | Depths:3 | Identified the +5 dagger of Sitaesy {drain, rC+}
 59076 | Depths:3 | Noticed a golden dragon
 59088 | Depths:3 | Killed a golden dragon
 59262 | Depths:3 | Reached XP level 23. HP: 176/176 MP: 32/32
 59421 | Depths:3 | Noticed a golden dragon
 59426 | Depths:3 | Killed a golden dragon
 59513 | Depths:4 | Entered Level 4 of the Depths
 59513 | Depths:4 | Noticed Boris
 59523 | Depths:4 | Killed Boris
 59953 | Depths:4 | Found an ornate altar of the Wu Jian Council.
 60081 | Depths:4 | Found a sacrificial altar of Ru.
 60294 | Depths:4 | Reached skill level 15 in Dodging
 60516 | Depths:4 | Found a gate to the Realm of Zot.
 60516 | Depths:4 | Noticed a golden dragon
 60521 | Depths:4 | Killed a golden dragon
 60982 | Depths:4 | Noticed a golden dragon
 60987 | Depths:4 | Killed a golden dragon
 61208 | Zot:1    | Entered Level 1 of the Realm of Zot
 61227 | Zot:1    | Reached XP level 24. HP: 182/182 MP: 32/32
 61555 | Zot:1    | Reached skill level 18 in Dodging
 62872 | Zot:2    | Found a transporter.
 62873 | Zot:2    | Noticed a curse toe
 62874 | Zot:2    | Noticed a dread lich
 62874 | Zot:2    | Noticed blackman's ghost (master HuDe)
 62877 | Zot:2    | Noticed an ancient lich
 62881 | Zot:2    | Found a transporter.
 62899 | Zot:2    | Noticed Parghit
 62915 | Zot:2    | Killed Parghit
 63219 | Zot:4    | Noticed a dread lich
 63687 | Zot:3    | Found the +15 Maxwell's patent armour {-Cast -Tele rElec
                  | Will+ rCorr}
 63696 | Zot:3    | Noticed an orb of fire
 63701 | Zot:3    | Killed an orb of fire
 63707 | Zot:3    | Reached XP level 25. HP: 189/189 MP: 1/32
 63906 | Zot:4    | Noticed a dread lich
 63964 | Zot:3    | Killed a dread lich
 64040 | Zot:4    | Noticed a Killer Klown
 64060 | Zot:3    | Killed a dread lich
 64111 | Zot:3    | Killed a Killer Klown
 64112 | Zot:3    | Reached skill level 15 in Shields
 64724 | Zot:5    | Entered Level 5 of the Realm of Zot
 64732 | Zot:5    | Noticed a Killer Klown
 64732 | Zot:5    | Noticed a Killer Klown
 64732 | Zot:5    | Noticed a Killer Klown
 64732 | Zot:5    | Noticed an orb of fire
 64732 | Zot:5    | Noticed a Killer Klown
 64732 | Zot:5    | Noticed a Killer Klown
 64733 | Zot:5    | Gained mutation: You are frail. (-10% HP) [an orb of fire]
 64736 | Zot:5    | Gained mutation: You occasionally shout uncontrollably at
                  | your foes. [an orb of fire]
 64737 | Zot:5    | Noticed an ancient lich
 64743 | Zot:5    | Gained mutation: You are very frail. (-20% HP) [an orb of
                  | fire]
 64744 | Zot:5    | Noticed a Killer Klown
 64744 | Zot:5    | Noticed a Killer Klown
 64744 | Zot:5    | Noticed an ancient lich
 64744 | Zot:5    | Noticed a Killer Klown
 64744 | Zot:5    | Noticed an orb of fire
 64779 | Zot:5    | Gained mutation: You frequently scream uncontrollably at
                  | your foes. [an orb of fire]
 64780 | Zot:5    | Gained mutation: You do not regenerate when monsters are
                  | visible. [an orb of fire]
 64781 | Zot:5    | Killed an orb of fire
 64785 | Zot:5    | Killed an orb of fire
 64790 | Zot:5    | Demolished by an Orb Guardian

Illustrated notes

Levels and vault maps discovered:
D:1:      ldierk_water_garden, layout_basic,
          shapermc_ecumenical_altar_flowoftime, chequers_serial_rivers_micro_e,
          minmay_misc_feat_ornament, minivault_14, st_stairs_13
D:2:      layout_loops_cross, serial_shops, shop, serial_bayou_lagoon_a
D:3:      layout_loops_corners, uniq_ijyb
D:4:      layout_rooms, mainiacjoe_overflow_alcove_1, lemuel_round_altar,
          kennysheep_decorative_pillar, uniq_blork_the_orc,
          uniq_crazy_yiuf_cottage, uniq_eustachio
D:5:      lemuel_ratsnest, layout_basic, serial_shops, shop, uniq_pikel
D:6:      layout_basic, nicolae_overflow_two_pavilions, lemuel_tele_altar,
          minmay_temple_entry_mist, nicolae_elevator_lobby_plus
D:7:      minmay_the_grid_triangle_9x9_recursive_2
          [minmay_the_grid_triangle_9x9_prize_insulated,
          minmay_the_grid_triangle_9x9_flanged_cone,
          minmay_the_grid_triangle_9x9_corruption,
          minmay_the_grid_triangle_9x9_checkered], layout_basic,
          gammafunk_temple_overflow_elements, serial_shops,
          nicolae_shop_statue_plus, enter_bailey_5, nicolae_take_the_stairs
D:8:      layout_cave_pods, lair_entry_dummy, gammafunk_ghost_grave,
          serial_shops, nicolae_shop_hallway_plus, uniq_maggie
D:9:      layout_long_grid, serial_bayou_ford_a, uniq_joseph
D:10:     layout_big_octagon, uniq_harold
D:11:     layout_irregular_city, erik_orc_1, gauntlet_entry_generic,
          serial_shops, nicolae_shop_trees, uniq_josephine
D:12:     layout_cave_pods
D:13:     layout_stronghold, hangedman_vaults_entry_quadrant_bands
D:14:     kennysheep_large_spiral, layout_irregular_city,
          minmay_misc_feat_four_crosses
D:15:     hangedman_depths_entry_civil_slaughter, layout_basic, uniq_roxanne
Temple:   hellmonk_temple_of_storms
Lair:1:   layout_regular_city, grunt_megastairs_1, uniq_gastronok
Lair:2:   layout_loops_ring, portal_ice_cave_rime, lemuel_fruit_fields,
          grunt_megastairs_4, lemuel_fruit_tree
Lair:3:   layout_cave_pods, minmay_shoals_entry_lonely_mermaid,
          spider_nest_entry_web_field
Lair:4:   layout_regular_city, minmay_lair_oklob_items, minmay_lair_drake_nest,
          lemuel_fruit_fields, uniq_kirke
Lair:5:   layout_gridlike, infiniplex_staircase_pool_2
Lair:6:   due_jungle_book, layout_regular_city, slime_entry_1,
          chequers_serial_rivers_room_a, nicolae_quartered_pool_medium,
          grunt_megastairs_2
Shoals:1: layout_shoals, serial_shops, shop, minmay_shop_enchanted_jewellery
Shoals:2: layout_shoals, nicolae_shoals_this_corrosion
Shoals:3: layout_shoals, nicolae_shoals_square_sea_wall, uniq_ilsuiw
Shoals:4: shoals_end_hangedman, layout_shoals
Spider:1: nicolae_spider_hilbert_zone_4 [nicolae_spider_hilbert_4_sides_2_open,
          nicolae_spider_hilbert_4_sides_1_open,
          nicolae_spider_hilbert_4_sides_1_open,
          nicolae_spider_hilbert_4_sides_1_open,
          nicolae_spider_hilbert_4_sides_1_open,
          nicolae_spider_hilbert_2_sides_1_open,
          nicolae_spider_hilbert_2_sides_1_open,
          nicolae_spider_hilbert_2_sides_1_open,
          nicolae_spider_hilbert_2_sides_1_open,
          nicolae_spider_hilbert_6_sides_1_open,
          nicolae_spider_hilbert_6_sides_1_open,
          nicolae_spider_hilbert_3_sides_1_open,
          nicolae_spider_hilbert_3_sides_1_open], nicolae_spider_nook
Spider:2: cheibrodos_forgotten_conduit, nicolae_spider_eight_legs
Spider:3: layout_cave_pods, uniq_louise
Spider:4: spider_rune_water
Orc:1:    layout_caves, serial_shops, shop_statue
Orc:2:    st_orc_mages, layout_caves, serial_shops, shop, nicolae_orc_bridge_out
Vaults:1: hangedman_vaults_snaps, st_star, v_misc_3, v_misc_15, v_misc_32,
          grunt_vaults_swirl, vaults_room_large_hall,
          nicolae_vaults_shelves_hall, nicolae_vaults_asterisk,
          vaults_room_semicircle, vaults_room_semicircle, layout_vaults_ring,
          serial_shops, nicolae_shop_competitors_out_of_business
Vaults:2: nicolae_vaults_yaktaur_gun_rack, v_pattern_3, nicolae_vaults_meeting,
          ontoclasm_vaults_loading_screen, vaults_room_stairs_pillars,
          vaults_room_stairs_pillars, vaults_room_fours,
          ontoclasm_vaults_loading_screen, vaults_dpeg_ring,
          minmay_crypt_entry_simple_box, layout_vaults_omnigrid, uniq_margery
Vaults:3: ontoclasm_vaults_bender, v_misc_1, vaults_room_large_hall,
          nicolae_vaults_shelves_hall, nicolae_vaults_ninety_degrees,
          hangedman_vaults_hard_town_square, vaults_room_semicircle,
          nicolae_vaults_disjoint_gnomons, v_misc_24, v_misc_9, v_rooms_3,
          vaults_mumra_minichess, nicolae_vaults_little_squares_2,
          layout_vaults_maze_snakey, uniq_jory
Vaults:4: ontoclasm_vaults_claustrophobia, nicolae_vaults_alarming,
          ontoclasm_vaults_ligature, hangedman_vaults_river_flow,
          ontoclasm_vaults_fault, ontoclasm_vaults_ring_small,
          hangedman_vaults_pinch, hangedman_vaults_maws, vaults_dpeg_hooks,
          vaults_standard_mumra_enter_the_diamond, ontoclasm_vaults_tryst,
          grunt_vaults_funnel, layout_vaults_big_room, serial_shops,
          nicolae_shop_behind_doors, uniq_mara
Vaults:5: serial_shops, uniq_sojobo
Depths:1: layout_gridlike, abyss_entry_crystal, hellmouth_3,
          wad_floor_pattern_1, minmay_misc_feat_chi,
          minmay_misc_feat_more_columns, nemelex_lonely_heart_becter,
          uniq_bai_suzhen
Depths:2: minmay_coctagon, layout_cave_pools, enter_ziggurat_a,
          serial_bayou_pond_b, pan_entry, abyss_entry_small_statue_room,
          grunt_hell_entry_demonic_statue, serial_bayou_shore_b, uniq_asterion,
          uniq_aizul
Depths:3: hangedman_arch_fort, layout_twisted_cross, hell_entry,
          nicolae_abyss_entry_one_way_or_another, serial_shops, bzr_in_the_mist,
          tso_oasis_becter, minmay_staircase_bubble
Depths:4: lemuel_castle_with_subvaults [lemuel_castle_interior_original],
          layout_long_grid, nicolae_wu_jian_wuxing_cycle, pf_coc_iceberg,
          minmay_gold_behind_fungi, nicolae_ru_great_annihilating_truth,
          uniq_boris
Zot:1:    layout_cathedral_of_symmetry, grunt_megastairs_3
Zot:2:    layout_onion_interference, gammafunk_ghost_mausoleum, uniq_parghit
Zot:3:    layout_basic
Zot:4:    hangedman_zot_vaults_quadrants, layout_concentric_octagons
Zot:5:    layout_misc_corridors, st_stairs_7, nrook_zot_tub

Skill      XL: |  1  2  3  4  5  6  7  8  9 10 11 12 13 14 15 16 17 18 19 20 21 22 23 24 25 |
---------------+----------------------------------------------------------------------------+-----
Stealth        | 1 2 |  2.0
Fighting       | 2 3 4 5 7 9 12 13 16 18 19 20 | 20.0
Unarmed Combat | 4 5 6 8 9 13 15 17 19 20 | 20.0
Shields        | 1 3 4 6 8 11 12 13 16 | 16.7
Dodging        | 5 6 9 13 16 20 | 20.0
Poison Magic   | 3 |  3.0
Invocations    | 6 9 13 | 13.0
Ice Magic      | 5 7 |  7.0
Transmutations | 5 7 10 11 13 14 17 | 17.0
Earth Magic    | 10 11 | 11.0
Evocations     | 9 |  9.0
Conjurations   | 6 |  6.0
Spellcasting   | |  2.0

Action                   |  1- 3 |  4- 6 |  7- 9 | 10-12 | 13-15 | 16-18 | 19-21 | 22-24 | 25-27 || total
-------------------------+-------+-------+-------+-------+-------+-------+-------+-------+-------++-------
Melee: Unarmed           |    67 |   136 |   240 |   618 |   926 |   814 |   582 |   800 |   123 ||  4306
       Kick              |    19 |    32 |    46 |     1 |       |       |       |       |       ||    98
       Tentacles         |    15 |    36 |    31 |    20 |     2 |   199 |   205 |   307 |    43 ||   858
       Constrict         |    17 |    39 |    30 |     6 |     1 |   181 |    90 |   140 |    21 ||   525
       Punch             |       |     2 |     7 |     5 |     1 |    92 |    81 |   159 |    31 ||   378
       Staff             |       |       |       |       |     7 |       |       |       |       ||     7
 Cast: Beastly Appendage |    28 |    30 |    28 |     6 |       |       |       |       |       ||    92
       Wereblood         |       |       |     3 |     7 |     1 |       |     3 |       |       ||    14
       Spider Form       |       |       |    15 |    34 |       |       |       |       |       ||    49
       Ice Form          |       |       |       |    28 |   135 |    26 |       |       |       ||   189
       Statue Form       |       |       |       |       |       |   175 |   125 |   138 |    22 ||   460
       Irradiate         |       |       |       |       |       |       |    16 |       |       ||    16
Invok: Slouch            |       |       |       |       |    15 |    16 |     7 |    17 |     2 ||    57
       Step From Time    |       |       |       |       |     1 |     1 |     7 |       |     2 ||    11
Evoke: Wand              |       |       |       |     1 |    12 |    18 |       |       |       ||    31
       Condenser vane    |       |       |       |       |       |     2 |     3 |       |       ||     5
       Phantom mirror    |       |       |       |       |       |     1 |       |       |       ||     1
  Use: Scroll            |       |     7 |     8 |     7 |     6 |    13 |     5 |     5 |     6 ||    57
       Potion            |       |     1 |     4 |     2 |    12 |     1 |    18 |     1 |     9 ||    48
 Stab: Sleeping          |    12 |     9 |     2 |     3 |     9 |    13 |     2 |     5 |       ||    55
       Paralysed         |       |       |       |     1 |     1 |     2 |       |     1 |       ||     5
       Distracted        |       |       |       |       |     1 |     1 |       |     1 |       ||     3
Armor: Skin              |     4 |    16 |    12 |    50 |   168 |   362 |   240 |   514 |    91 ||  1457
Dodge: Dodged            |    34 |    64 |   236 |   578 |   869 |  1806 |   893 |  1309 |   397 ||  6186
Block: Buckler           |       |    13 |    21 |    19 |     8 |   587 |   598 |   918 |   226 ||  2390
       Reflection        |       |       |       |       |       |       |    64 |    14 |     3 ||    81

Table legend: (Time is in decaauts)
 A = Elapsed time spent in this place.
 B = Non-inter-level travel time spent in this place.
 C = Inter-level travel time spent in this place.
 D = Time resting spent in this place.
 E = Time spent auto-exploring this place.
 F = Levels seen in this place.
 G = Mean time per level.
                   A        B        C        D        E       F      G
               +--------+--------+--------+--------+--------+-----+--------+
         Total |  95068 |  88605 |   6463 |  14677 |  58722 |  50 | 1901.4 |
       Dungeon |  26789 |  24780 |   2009 |   5013 |  16293 |  15 | 1785.9 |
        Temple |     49 |     38 |     11 |      0 |     22 |   1 |   49.0 |
          Lair |  14214 |  12825 |   1389 |   2010 |   9246 |   6 | 2369.0 |
        Shoals |   9438 |   8495 |    943 |   1168 |   5642 |   4 | 2359.5 |
   Spider Nest |   9669 |   9245 |    424 |    722 |   6432 |   4 | 2417.2 |
  Orcish Mines |   3841 |   3786 |     55 |    845 |   2397 |   2 | 1920.5 |
        Vaults |  14095 |  12969 |   1126 |   1659 |   9433 |   5 | 2819.0 |
        Depths |   8176 |   7832 |    344 |   1091 |   4840 |   4 | 2044.0 |
           Zot |   5729 |   5569 |    160 |   1254 |   3209 |   5 | 1145.8 |
        Bazaar |    258 |    258 |      0 |      0 |    118 |   1 |  258.0 |
        Bailey |      9 |      9 |      0 |      0 |      3 |   1 |    9.0 |
      Ice Cave |   1997 |   1997 |      0 |    857 |    459 |   1 | 1997.0 |
      Gauntlet |    800 |    800 |      0 |     54 |    625 |   1 |  800.0 |
               +--------+--------+--------+--------+--------+-----+--------+

Top non-repeatable levels by time:
Vaults:4: 3937 daAuts
Vaults:5: 3896 daAuts
  Lair:6: 3582 daAuts
    D:15: 3545 daAuts
Vaults:3: 3309 daAuts
Shoals:4: 3103 daAuts
  Lair:3: 3018 daAuts
Depths:4: 2931 daAuts
Spider:1: 2926 daAuts
Spider:4: 2683 daAuts
   Orc:2: 2555 daAuts
    D:13: 2539 daAuts
    D:14: 2506 daAuts
Depths:3: 2483 daAuts
Shoals:2: 2436 daAuts
